 Dungeon Crawl Stone Soup version 0.20.2-3-g29329e0561 (webtiles) character file.

980 Alfie the Slasher (level 7, -4/62 HPs)
             Began as a Minotaur Fighter on Nov 10, 2020.
             Slain by a centaur (5 damage)
             ... on level 5 of the Dungeon.
             The game lasted 00:10:31 (3314 turns).

Alfie the Slasher (Minotaur Fighter)                Turns: 3314, Time: 00:10:32

Health: -4/62      AC:  7    Str: 23    XL:     7   Next: 96%
Magic:  6/6        EV:  9    Int:  5    God:
Gold:   289        SH: 10    Dex:  9    Spells: 6/6 levels left

rFire    . . .     SeeInvis .   a - +0 long sword
rCold    . . .     Gourm    .   c - +0 shield
rNeg     + . .     Faith    .   b - +0 scale mail
rPois    .         Spirit   .   (helmet restricted)
rElec    .         Reflect  .   (no cloak)
rCorr    .         Harm     .   (no gloves)
MR       .....                  (no boots)
Stlth    ..........             (no amulet)
Regen    0.2/turn               o - ring of positive energy
MPRegen  0.1/turn               (no ring)

@: no status effects
A: retaliatory headbutt, horns 2
a: no special abilities


You were on level 5 of the Dungeon.
You were not hungry.

You visited 1 branch of the dungeon, and saw 5 of its levels.

You collected 289 gold pieces.

Inventory:

Hand Weapons
 a - a +0 long sword (weapon)
Missiles
 h - 10 tomahawks (quivered)
 s - 6 tomahawks of returning
Armour
 b - a +0 scale mail (worn)
 c - a +0 shield (worn)
Jewellery
 d - a +5 ring of dexterity {unknown}
 o - a ring of positive energy (left hand)
Scrolls
 e - 2 scrolls of teleportation
 n - a scroll of random uselessness {unknown}
 p - 2 scrolls of identify
 r - 2 scrolls of remove curse
Potions
 j - a potion of lignification
 m - 3 potions of curing
Comestibles
 f - 2 bread rations
 i - a royal jelly
 l - a meat ration
 q - 3 fruits


   Skills:
 + Level 5.7 Fighting
 + Level 7.1 Long Blades
 + Level 5.8 Armour
 + Level 2.1 Dodging
 + Level 0.1 Stealth
 + Level 6.2 Shields


You had 6 spell levels left.
You didn't know any spells.

Dungeon Overview and Level Annotations

Branches:
Dungeon (5/15)
 Temple: D:4-7

Altars:
Ashenzari
Yredelemnul


Innate Abilities, Weirdness & Mutations

You reflexively headbutt those who attack you in melee.
You have a pair of horns on your head.


Message History

The centaur shoots an arrow.
The arrow hits you.
* * * LOW HITPOINT WARNING * * *
You see here 2 arrows.
The centaur shoots an arrow.
You block the arrow.
The centaur shoots an arrow.
You block the arrow.
You see here 2 arrows.
The centaur shoots an arrow.
You block the arrow.
You see here an arrow.
The centaur shoots an arrow.
The arrow barely misses you.
You see here an arrow.
The centaur unwields an uncursed shortbow.
The centaur hits you.
* * * LOW HITPOINT WARNING * * *
The centaur hits you.
* * * LOW HITPOINT WARNING * * *
You block the centaur's attack.
You barely miss the centaur. Your headbutt misses the centaur.
The centaur hits you but does no damage.
The centaur hits you.
You die...

... #.. #..#.#
#..#.#
#...<########
#......)))).#
#..########.#
#.. #.#
#..########.#
#..(((((.@#.#
#..######c#.####
#.. #..#....#
#.. #..#.##.#
#.. #....# ..
#.. #.....# ##
#..............
#....!......##.#
###.###.### c.


You could see a centaur.

Vanquished Creatures
  The ghost of Alfie the Carver, a novice MiFi (D:5)
  A phantom (D:4)
  The ghost of Alfie the Skirmisher, an amateur MiFi (D:3)
  A hound (D:4)
  A gnoll shaman (D:5)
  Natasha (twice) (D:2)
  2 worker ants (D:4)
  4 gnolls (D:5)
  6 adders
  An ooze (D:4)
  An adder skeleton (D:4)
  3 worms
  3 dart slugs
  A leopard gecko (D:1)
  6 orcs
  3 bats
  7 giant cockroaches
  8 goblins
  10 hobgoblins
  9 jackals
  A quokka (D:3)
  A ball python (D:3)
  4 frilled lizards
  2 gnoll zombies (D:2)
  6 kobolds
  7 rats
92 creatures vanquished.

Notes
Turn   | Place    | Note
-------+----------+-------------------------------------------
     0 | D:1      | Alfie the Minotaur Fighter began the quest for the Orb.
     0 | D:1      | Reached XP level 1. HP: 19/19 MP: 0/0
   150 | D:1      | You fall through a shaft!
   308 | D:1      | Reached XP level 2. HP: 27/27 MP: 1/1
   800 | D:2      | Reached skill level 3 in Long Blades
   860 | D:2      | Reached XP level 3. HP: 14/33 MP: 2/2
  1062 | D:2      | Reached skill level 1 in Dodging
  1235 | D:2      | Noticed Natasha
  1245 | D:2      | Killed Natasha
  1245 | D:2      | Reached XP level 4. HP: 15/40 MP: 3/3
  1331 | D:2      | Found a basalt altar of Yredelemnul.
  1782 | D:2      | Noticed Natasha
  1794 | D:2      | Killed Natasha
  1794 | D:2      | Reached skill level 4 in Long Blades
  1876 | D:3      | Reached XP level 5. HP: 44/47 MP: 4/4
  2073 | D:3      | Noticed Alfie's ghost (amateur MiFi)
  2085 | D:3      | Killed Alfie's ghost
  2085 | D:3      | Reached skill level 5 in Long Blades
  2363 | D:3      | Reached XP level 6. HP: 50/53 MP: 5/5
  2582 | D:4      | Reached skill level 5 in Fighting
  2615 | D:4      | Reached skill level 5 in Shields
  3006 | D:4      | Found a shattered altar of Ashenzari.
  3246 | D:5      | Entered Level 5 of the Dungeon
  3251 | D:5      | Reached skill level 5 in Armour
  3253 | D:5      | Noticed Alfie's ghost (novice MiFi)
  3258 | D:5      | Reached XP level 7. HP: 57/61 MP: 6/6
  3286 | D:5      | Killed Alfie's ghost
  3286 | D:5      | Reached skill level 7 in Long Blades
  3312 | D:5      | HP: 2/62 [centaur (4)]
  3314 | D:5      | Slain by a centaur

Skill      XL: |  1  2  3  4  5  6  7 |
---------------+----------------------+-----
Fighting       | 4 5 |  5.7
Long Blades    | 3 4 5 7 |  7.1
Armour         | 4 5 |  5.8
Shields        | 4 5 6 |  6.2
Dodging        | 1 2 |  2.1
Stealth        | |  0.1

Action                   |  1- 3 |  4- 6 |  7- 9 || total
-------------------------+-------+-------+-------++-------
Melee: Long sword        |    84 |   168 |    26 ||   278
       Headbutt          |    13 |    25 |     7 ||    45
Throw: Tomahawk          |     2 |       |       ||     2
  Use: Scroll            |     5 |       |       ||     5
       Potion            |       |     6 |     1 ||     7
  Eat: Bread ration      |     1 |       |       ||     1
       Fruit             |       |     4 |       ||     4
Armor: Scale mail        |    37 |    59 |     3 ||    99
Dodge: Dodged            |    26 |    53 |     7 ||    86
Block: Shield            |    39 |    83 |    15 ||   137
       Rpst.: Long sword |     8 |    17 |       ||    25
